 Seeded DCSS version 0.26-a0-639-g72c4674 (webtiles) character file.

Game seed: 6257783037992957920 (custom seed)

180686 Illumine the Spry (level 17, -1/79 HPs)
             Began as a Spriggan Venom Mage on Sept 13, 2020.
             Was the Champion of Hepliaklqana.
             Killed from afar by Arachne (29 damage)
             ... with a poison arrow
             ... on level 4 of the Spider Nest on Sept 19, 2020.
             The game lasted 03:00:04 (54107 turns).

Illumine the Spry (Spriggan Venom Mage)            Turns: 54107, Time: 03:00:05

Health: -1/79      AC:  7    Str:  5    XL:     17   Next: 65%
Magic:  16/44      EV: 32    Int: 31    God:    Hepliaklqana [******]
Gold:   2362       SH:  0    Dex: 17    Spells: 9/43 levels left

rFire    . . .     SeeInvis +   a - staff of poison
rCold    . . .     Faith    +   (shield currently unavailable)
rNeg     . . .     Spirit   .   m - +1 robe of the World {Int+3}
rPois    +         Reflect  .   r - +1 hat
rElec    .         Harm     .   E - +2 cloak
rCorr    .         Rampage  .   (gloves unavailable)
MR       ++...                  (boots unavailable)
Stlth    +++.......             e - amulet of faith
HPRegen  0.23/turn              R - ring of magical power
MPRegen  0.29/turn              Z - +6 ring of intelligence

@: lethally poisoned (-1 -> -25), very quick
A: very small, unfitting armour, reduced essence, see invisible, speed 3
a: Recall Ancestor, Ancestor Identity, Transference, Idealise, Renounce Religion


You were on level 4 of the Spider Nest.
You worshipped Hepliaklqana.
Hepliaklqana was exalted by your worship.
You visited 5 branches of the dungeon, and saw 31 of its levels.
You also visited: Gauntlet.

You collected 3001 gold pieces.
You spent 639 gold pieces at shops.

Inventory:

Hand Weapons
 b - a +6 double sword of electrocution
 l - a +4 scimitar of holy wrath
 I - the +7 trident of Distant Worlds {pain, Int+4}
   (You found it on level 2 of the Swamp)

   In the hands of one skilled in necromantic magic, it inflicts extra damage on
   living creatures.
   It affects your intelligence (+4).
Armour
 m - the +1 robe of the World (worn) {Int+3}
   (You found it on level 1 of the Lair of Beasts)

   It affects your intelligence (+3).
 p - a +0 robe of magic resistance
 r - a +1 hat (worn)
 E - a +2 cloak (worn)
Magical Staves
 a - an uncursed staff of poison (weapon)
 y - an uncursed staff of fire
 M - an uncursed staff of conjuration
 Q - an uncursed staff of cold
Jewellery
 e - an amulet of faith (around neck)
 u - an uncursed ring of ice
 w - an uncursed ring of protection from cold
 x - a +6 ring of dexterity
 B - an uncursed ring of positive energy
 D - an uncursed amulet of magic regeneration
 R - a ring of magical power (left hand)
 Z - a +6 ring of intelligence (right hand)
Wands
 o - a wand of paralysis (8)
 s - a wand of disintegration (20)
 C - a wand of iceblast (44)
 K - a wand of acid (1)
 O - a wand of digging (18)
 X - a wand of polymorph (16)
Scrolls
 f - 22 scrolls of remove curse
 i - 4 scrolls of enchant armour
 t - 2 scrolls of blinking
 v - 17 scrolls of teleportation
 F - a scroll of vulnerability {unknown}
 J - 7 scrolls of amnesia
 L - 2 scrolls of silence {unknown}
 N - 2 scrolls of fog
 P - 5 scrolls of fear
 T - 3 scrolls of brand weapon {unknown}
 Y - a scroll of acquirement {unknown}
Potions
 d - 3 potions of curing
 g - 3 potions of heal wounds
 h - 3 potions of mutation
 j - 10 potions of lignification
 k - 2 potions of invisibility
 n - 6 potions of brilliance
 q - 2 potions of ambrosia
 z - 3 potions of cancellation
 A - 3 potions of flight
 G - 3 potions of haste
 U - 4 potions of magic
Miscellaneous
 c - a phial of floods
 S - a condenser vane (2/2)
 V - a phantom mirror
 W - a tin of tremorstones (3/3)


   Skills:
 + Level 9.8 Fighting
   Level 2.6(5.3) Short Blades
 + Level 5.4(5.6) Long Blades
 - Level 5.0 Staves
 + Level 16.0 Dodging
 - Level 5.0 Stealth
   Level 0.4 Shields
 + Level 13.7 Spellcasting
 + Level 8.2 Conjurations
 + Level 7.4 Necromancy
 - Level 8.0 Transmutations
 + Level 4.5 Ice Magic
 + Level 8.3 Air Magic
 - Level 6.7 Earth Magic
 - Level 10.7 Poison Magic
 - Level 8.0 Invocations
 - Level 10.3 Evocations


You had 9 spell levels left.
You knew the following spells:

 Your Spells              Type           Power        Failure   Level
a - Sting                 Tmut/Pois      ####         1%          1
b - Poisonous Vapours     Pois/Air       ######       1%          2
c - Mephitic Cloud        Conj/Pois/Air  #######.     1%          3
d - Ignite Poison         Fire/Tmut/Pois ######..     1%          3
e - Olgreb's Toxic Radia  Pois           #######.     1%          4
f - Borgnjor's Vile Clut  Necr/Erth      ######....   3%          5
g - Ensorcelled Hibernat  Hex/Ice        #####.       1%          2
h - Freezing Cloud        Conj/Ice/Air   ######....   19%         6
i - Summon Ice Beast      Ice/Summ       #####...     9%          4
j - Airstrike             Air            ######....   1%          4

Your spell library contained the following spells:

 Spells                   Type           Power        Failure   Level
 Freeze                   Ice            ####         1%          1
 Shock                    Conj/Air       ####         1%          1
 Passwall                 Tmut/Erth      ######..     1%          2
 Swiftness                Air            ######..     1%          2
 Dazzling Flash           Conj/Hex       #####.       1%          3
 Frozen Ramparts          Ice            #####.       1%          3
 Ozocubu's Armour         Ice            #####...     1%          3
 Static Discharge         Conj/Air       ######..     1%          3
 Animate Dead             Necr           ######....   1%          4
 Hailstorm                Conj/Ice       ######..     1%          4
 Ice Form                 Ice/Tmut       ######..     1%          4
 Lightning Bolt           Conj/Air       ######....   1%          5
 Corona                   Hex            ###....      2%          1
 Blink                    Tloc           N/A          3%          2
 Lee's Rapid Deconstruct  Erth           ######....   4%          5
 Confusing Touch          Hex            ###.....     7%          3
 Gell's Gravitas          Tloc           ###.......   7%          3
 Lesser Beckoning         Tloc           ###.......   7%          3
 Teleport Other           Tloc           ###.....     7%          3
 Tukima's Dance           Hex            ###.....     7%          3
 Death Channel            Necr           ######....   16%         6
 Passage of Golubria      Tloc           N/A          22%         4
 Metabolic Englaciation   Hex/Ice        #####.....   24%         5
 Simulacrum               Ice/Necr       ######....   28%         6
 Ozocubu's Refrigeration  Ice            #####.....   45%         6
 Invisibility             Hex            ###.....     98%         6


Dungeon Overview and Level Annotations

Branches:
Dungeon (15/15) Temple (0/1) D:5 Lair (6/6) D:8 Swamp (4/4) Lair:4 Spider (4/4) Lair:4 Slime (0/5) Lair:5 Orc (2/2) D:10 Elf (0/3) Orc:2 Vaults (0/5) D:12 D:13 Depths (0/5) D:15 Gauntlet (visited)

Altars:
Ashenzari
Cheibriados
Dithmenos
Hepliaklqana
Kikubaaqudgha
Makhleb
Qazlal
Ru
Sif Muna
Trog
Wu Jian
Xom
Beogh
Jiyva

Shops:
D:4 (   D:5 *   D:8 [   D:10 [   D:12 !   Orc:1 [   Orc:2 }(!!

Annotations:
D:14 Frances
Swamp:1 Jorgrun
Swamp:4 Mara
Spider:4 Arachne


Innate Abilities, Weirdness & Mutations

You are very small and have problems with some larger weapons.
You are too small for most types of armour.
You have supernaturally acute eyesight. (SInv)
You cover ground extremely quickly.
Your life essence is reduced to manifest your ancestor. (-10% HP)


Message History

You are more poisoned.
You resist.
The bolt of poison hits Stratocaster but does no damage.
A redback comes into view.
Arachne is engulfed in blazing flames.
Arachne's staff shoots out a stream of webbing.
The stream of webbing misses you.
The stream of webbing hits Stratocaster but does no damage.
Hepliaklqana grants Stratocaster healing and protection!
The zombie hands constrict Arachne!
You feel sick.
Arachne is engulfed in blazing flames.
Arachne hits you but does no damage. Arachne envenoms you.
Unknown command.
The web tears apart.
The zombie hands constrict Arachne.
You feel sick.
The zombie hands release their grip on Arachne.
Arachne stares at you and mumbles some strange words.
The poison arrow hits you!!
You are more poisoned.
You partially resist.
You die...

###### ###....#
###.#.!..##
##....☼☼...#
#...R@H°○..#***
##..###.°##ss^#*
#.##.####**...#*
##^....# *,,...*
####.## *,,,..**
##^.#* *,,,,.,*
##.#^<# *,,*****
#.#####***,^,,,*****
#..#,***,*,,,,,,,,,*


You could see the friendly Stratocaster the knight (idealised), Arachne and 2
redbacks.

Vanquished Creatures
  A thorn hunter (Swamp:4)
  Kirke (Swamp:1)
  Louise (Spider:1)
  3 emperor scorpions (Spider:4)
  2 entropy weavers
  Nessos (D:15)
  A minotaur (Gauntlet)
  Snorg (Lair:4)
  Josephine (D:12)
  Erolcha (D:11)
  Harold (D:11)
  An ogre mage (D:15)
  A catoblepas (Lair:6)
  13 hydras
  A centaur warrior (D:15)
  Erica (D:10)
  17 death yaks
  A death knight (D:12)
  An alligator (Swamp:3)
  3 tengu warriors
  5 two-headed ogres
  4 orc high priests (Orc:2)
  Urug (D:12)
  Nergalle (Lair:4)
  3 spriggans
  2 skeletal warriors (D:15)
  2 spriggan druids
  4 unseen horrors
  8 swamp dragons
  Pikel (D:5)
  A wizard (D:14)
  A necromancer (Gauntlet)
  9 orc knights
  3 deep elf magi
  16 wolf spiders
  12 orb spiders
  5 cyclopes
  11 ugly things
  2 orc sorcerers (D:15)
  An oklob plant (Lair:3)
  2 manticores
  5 elephants
  3 black mambas
  2 gargoyles (D:15)
  10 cane toads
  5 torpor snails
  Maggie (D:6)
  8 komodo dragons
  2 demonic crawlers
  An efreet (D:12)
  2 rime drakes
  2 tengu conjurers
  2 polar bears
  A queen bee (D:12)
  6 meliai
  15 jumping spiders
  5 trolls
  5 hornets
  8 hippogriffs
  3 bog bodies (Swamp:4)
  Prince Ribbit (D:7)
  16 blink frogs
  Grinder (D:6)
  5 tyrant leeches
  39 redbacks
  3 wraiths
  A shadow (Swamp:3)
  22 tarantellas
  Eustachio (D:6)
  11 humans
  42 yaks
  5 wyverns
  6 basilisks
  A hog (Swamp:1)
  11 vampire mosquitoes
  11 swamp worms
  16 insubstantial wisps
  Edmund (D:5)
  A soldier ant (D:11)
  5 water moccasins
  An acid dragon (D:12)
  3 porcupines
  An ice beast (D:10)
  4 swamp drakes
  A sky beast (D:12)
  A black bear (shapeshifter) (D:15)
  26 orc warriors
  3 eyes of draining (D:14)
  2 necrophages
  3 phantoms
  5 ogres
  3 wolves
  3 centaurs
  17 crocodiles
  Blork the orc (D:6)
  2 big kobolds
  8 bullfrogs
  A gnoll sergeant (D:10)
  3 scorpions
  2 troll zombies (D:10)
  8 killer bees
  2 howler monkeys
  15 wights
  4 electric eels
  A quasit (D:14)
  2 bullfrog skeletons
  A bullfrog zombie (D:13)
  3 centaur skeletons
  6 hounds
  3 jellies
  Crazy Yiuf (D:2)
  A gnoll shaman (D:7)
  24 orc priests
  Ijyb (D:4)
  Natasha (thrice) (D:2)
  4 iguanas
  16 orc wizards
  10 worker ants
  An ogre zombie (D:10)
  2 hound zombies
  A hound skeleton (D:8)
  A worker ant zombie (D:11)
  An ancestor (D:6)
  9 gnolls
  13 adders
  A river rat (shapeshifter) (D:13)
  A shadow imp (D:8)
  3 white imps
  3 ufetubi
  2 adder skeletons
  6 worms
  2 leopard geckos
  81 orcs
  5 giant cockroaches
  14 goblins
  9 hobgoblins
  10 jackals
  9 quokkas
  A ball python (D:2)
  6 bats
  5 frilled lizards
  A goblin skeleton (D:10)
  2 goblin zombies (D:10)
  2 hobgoblin skeletons (D:10)
  16 kobolds
  An orc skeleton (D:10)
  12 orc zombies (D:10)
  10 rats
  A butterfly (D:9)
858 creatures vanquished.

Vanquished Creatures (collateral kills)
  Bai Suzhen (Swamp:3)
  A very ugly thing (Swamp:2)
  An alligator (Swamp:1)
  2 catoblepae (Lair:6)
  5 hydras
  A centaur warrior (D:12)
  A death yak (Lair:4)
  An orc high priest (Orc:2)
  A skeletal warrior (D:15)
  2 swamp dragons (Swamp:3)
  An orc knight (Orc:2)
  A wolf spider zombie (D:15)
  3 ugly things
  8 wolf spiders
  5 orb spiders
  A manticore (Lair:6)
  A cyclops (D:14)
  An oklob plant (Lair:3)
  2 elephants (Lair:4)
  2 black mambas
  A naga mage (D:15)
  A black mamba (shapeshifter) (D:14)
  9 cane toads
  A torpor snail (Lair:6)
  A gargoyle (D:14)
  A komodo dragon (Lair:2)
  3 demonic crawlers (Spider:2)
  4 jumping spiders
  4 trolls
  4 tyrant leeches
  2 bog bodies
  2 dream sheep (Lair:2)
  4 hippogriffs
  A vampire (D:11)
  4 tarantellas
  2 shadows
  10 redbacks
  9 yaks
  3 wraiths
  A water elemental (D:12)
  A basilisk (Lair:2)
  2 wyverns
  5 humans
  A warg (Orc:1)
  8 vampire mosquitoes
  5 insubstantial wisps
  A porcupine (Lair:1)
  7 water moccasins
  A sky beast (D:8)
  2 swamp drakes (Swamp:1)
  An ice beast (D:11)
  A black bear (D:13)
  8 orc warriors
  2 ogres
  A centaur (D:5)
  2 crocodiles
  4 wolves
  A big kobold (D:11)
  9 bullfrogs
  A wyvern zombie (D:10)
  A wyvern skeleton (D:9)
  2 troll zombies (D:10)
  7 killer bees
  2 howler monkeys (D:7)
  A wight (D:13)
  3 centaur zombies
  A jelly (D:13)
  A bullfrog skeleton (D:11)
  3 hounds
  6 orc priests
  A gnoll shaman (D:9)
  2 centaur skeletons
  5 orc wizards
  5 worker ants
  3 ogre zombies (D:10)
  A hound zombie (D:5)
  A hound skeleton (D:11)
  3 gnolls
  5 adders
  A white imp (D:10)
  An ufetubus (D:8)
  An adder skeleton (D:9)
  A worm (D:7)
  15 orcs
  4 jackals
  A kobold (D:10)
  2 quokkas (D:7)
  A ball python (D:8)
  3 goblin zombies (D:10)
  2 orc skeletons (D:10)
  2 orc zombies (D:10)
  A rat (D:7)
259 creatures vanquished.

Vanquished Creatures (others)
  3 humans (Swamp:1)
  A vampire mosquito (Swamp:3)
  An iguana (D:4)
  7 knights
  53 fungi
  50 plants
115 creatures vanquished.

Grand Total: 1232 creatures vanquished

Notes
Turn   | Place    | Note
-------+----------+-------------------------------------------
     0 | D:1      | Illumine the Spriggan Venom Mage began the quest for the
                  | Orb.
     0 | D:1      | Reached XP level 1. HP: 9/9 MP: 5/5
   258 | D:1      | Reached XP level 2. HP: 11/13 MP: 0/7
   407 | D:1      | Learned a level 2 spell: Poisonous Vapours
  1070 | D:1      | Reached XP level 3. HP: 16/16 MP: 5/8
  1143 | D:2      | Noticed Natasha
  1158 | D:2      | Killed Natasha
  1264 | D:2      | Reached XP level 4. HP: 21/21 MP: 3/10
  1345 | D:2      | Reached skill level 4 in Dodging
  1710 | D:2      | Noticed Natasha
  1718 | D:2      | Killed Natasha
  1745 | D:2      | Noticed Natasha
  1751 | D:2      | Killed Natasha
  1751 | D:2      | Reached XP level 5. HP: 19/25 MP: 0/11
  2070 | D:2      | Found a sacrificial altar of Ru.
  2072 | D:2      | Found a snail-covered altar of Cheibriados.
  2102 | D:2      | Found a runed translucent door.
  2103 | D:2      | Noticed Crazy Yiuf
  2120 | D:2      | Killed Crazy Yiuf
  2265 | D:2      | Learned a level 3 spell: Mephitic Cloud
  3305 | D:3      | Reached skill level 1 in Fighting
  3553 | D:3      | Learned a level 3 spell: Ignite Poison
  3606 | D:4      | Reached skill level 1 in Air Magic
  3781 | D:4      | Reached XP level 6. HP: 30/30 MP: 5/13
  3922 | D:4      | Found Acuexe's Weapon Boutique.
  4076 | D:4      | Noticed Ijyb
  4087 | D:4      | Killed Ijyb
  4258 | D:5      | Entered Level 5 of the Dungeon
  4258 | D:5      | Noticed a hippogriff
  4322 | D:5      | Reached skill level 5 in Stealth
  4893 | D:4      | Reached skill level 5 in Dodging
  4893 | D:4      | Reached skill level 1 in Conjurations
  5062 | D:4      | Reached XP level 7. HP: 33/33 MP: 6/14
  5129 | D:4      | Found a hazy altar of Hepliaklqana.
  5130 | D:4      | Found a shadowy altar of Dithmenos.
  5130 | D:4      | Noticed a shadow
  5142 | D:4      | Became a worshipper of Hepliaklqana the Forgotten
  5418 | D:5      | Killed a hippogriff
  5418 | D:5      | Reached skill level 1 in Short Blades
  5659 | D:5      | Found Dues Uganop's Assorted Antiques.
  5971 | D:5      | Noticed Edmund
  6119 | D:5      | Found a staircase to the Ecumenical Temple.
  6421 | D:5      | Killed Edmund
  6421 | D:5      | Reached skill level 5 in Spellcasting
  6421 | D:5      | Reached XP level 8. HP: 35/35 MP: 5/16
  6686 | D:5      | Noticed Pikel
  6700 | D:5      | Killed Pikel
  6700 | D:5      | Reached skill level 6 in Dodging
  6700 | D:5      | Reached skill level 5 in Transmutations
  6700 | D:5      | Reached skill level 5 in Poison Magic
  7087 | D:6      | Noticed Eustachio
  7095 | D:6      | Noticed Grinder
  7100 | D:6      | Killed Eustachio
  7521 | D:6      | Noticed Maggie
  7537 | D:6      | Killed Maggie
  7537 | D:6      | Reached skill level 7 in Dodging
  7537 | D:6      | Reached XP level 9. HP: 39/39 MP: 1/19
  7711 | D:6      | Reached * piety under Hepliaklqana
  7718 | D:6      | Noticed Blork the orc
  7730 | D:6      | Killed Blork the orc
  7866 | D:6      | Learned a level 4 spell: Olgreb's Toxic Radiance
  8008 | D:7      | Found a stormy altar of Qazlal.
  8501 | D:7      | Noticed Prince Ribbit
  8515 | D:7      | Killed Prince Ribbit
  8524 | D:7      | Noticed a troll
  8760 | D:6      | Found an ancient bone altar of Kikubaaqudgha.
  8812 | D:6      | Killed Grinder
  9141 | D:7      | Killed a troll
  9247 | D:7      | Reached skill level 8 in Dodging
  9571 | D:7      | Reached ** piety under Hepliaklqana
  9572 | D:7      | Remembered your ancestor Stratocaster as a knight
  9595 | D:7      | Found an ornate altar of the Wu Jian Council.
  9688 | D:7      | Noticed a moth of wrath
  9838 | D:7      | Found a bloodstained altar of Trog.
  9983 | D:8      | HP: 2/40 [orc priest/divine providence (17)]
 10155 | D:8      | Reached XP level 10. HP: 44/44 MP: 17/21
 10202 | D:8      | Found a burning altar of Makhleb.
 10769 | D:8      | Found a staircase to the Lair.
 10807 | D:8      | Found Estrir's Armour Shoppe.
 11600 | D:9      | Reached *** piety under Hepliaklqana
 11610 | D:9      | Reached skill level 5 in Air Magic
 11669 | D:9      | Reached skill level 9 in Dodging
 12059 | D:9      | Found a shimmering altar of Xom.
 12398 | D:9      | Upgraded the game from 0.26-a0-638-gcca6ad1 to
                  | 0.26-a0-639-g72c4674
 12399 | D:10     | Entered Level 10 of the Dungeon
 12416 | D:10     | Found Meum's Antique Armour Emporium.
 12651 | D:10     | Reached skill level 1 in Staves
 13116 | D:10     | Reached **** piety under Hepliaklqana
 13231 | D:10     | Reached XP level 11. HP: 48/48 MP: 24/24
 13377 | Lair:1   | Entered Level 1 of the Lair of Beasts
 13447 | Lair:1   | Reached skill level 5 in Fighting
 13898 | Lair:1   | Noticed a six-headed hydra
 13917 | Lair:1   | Killed a six-headed hydra
 14151 | Lair:1   | Reached skill level 10 in Dodging
 14443 | Lair:1   | Noticed a six-headed hydra
 14451 | Lair:1   | Reached skill level 1 in Evocations
 14454 | Lair:1   | Reached skill level 1 in Invocations
 14467 | Lair:1   | Killed a six-headed hydra
 15065 | Lair:1   | Reached ***** piety under Hepliaklqana
 15115 | Lair:1   | Got a heavily jewelled robe
 16002 | Lair:2   | Reached skill level 5 in Conjurations
 16090 | Lair:2   | Identified the cursed +1 robe of the World {Int+3} (You
                  | found it on level 1 of the Lair of Beasts)
 16464 | D:10     | Found a staircase to the Orcish Mines.
 16552 | D:10     | Noticed a two-headed ogre
 16816 | D:10     | Killed a two-headed ogre
 16816 | D:10     | Reached XP level 12. HP: 54/54 MP: 15/26
 17039 | Orc:1    | Entered Level 1 of the Orcish Mines
 17068 | Orc:1    | Found Liphicado's Armour Emporium.
 17386 | Orc:1    | You fall into a shaft and drop 1 floor!
 17386 | Orc:2    | Entered Level 2 of the Orcish Mines
 17678 | Orc:2    | Found a staircase to the Elven Halls.
 18549 | Orc:1    | Found a roughly hewn altar of Beogh.
 19191 | Orc:2    | Reached skill level 11 in Dodging
 19946 | Orc:2    | Noticed an orc high priest
 19951 | Orc:2    | Killed an orc high priest
 20493 | Orc:2    | Noticed an orc high priest
 20503 | Orc:2    | Killed an orc high priest
 20513 | Orc:2    | Reached skill level 5 in Evocations
 20513 | Orc:2    | Noticed an orc high priest
 20521 | Orc:2    | Killed an orc high priest
 20764 | Orc:2    | Noticed an orc high priest
 20772 | Orc:2    | Noticed an orc high priest
 20785 | Orc:2    | Killed an orc high priest
 21006 | Orc:2    | Killed an orc high priest
 21136 | Orc:2    | Reached skill level 10 in Spellcasting
 21450 | Orc:2    | Found Zaoso's Distillery.
 21450 | Orc:2    | Found Gifeih's Gadget Shoppe.
 21451 | Orc:2    | Found Dazxurghi's Distillery.
 21451 | Orc:2    | Found Nunouc's Antique Weapon Emporium.
 21462 | Orc:2    | Bought a potion of degeneration for 15 gold pieces
 21468 | Orc:2    | Bought a phial of floods for 520 gold pieces
 21667 | D:10     | Reached ****** piety under Hepliaklqana
 21684 | D:10     | Noticed Erica
 21701 | D:10     | Killed Erica
 21701 | D:10     | Reached XP level 13. HP: 58/58 MP: 18/28
 22360 | D:11     | Noticed Harold
 22375 | D:11     | Killed Harold
 23155 | D:11     | Noticed Erolcha
 23161 | D:11     | Killed Erolcha
 23722 | Lair:2   | Reached skill level 12 in Dodging
 24371 | Lair:3   | Reached skill level 5 in Invocations
 24667 | Lair:3   | Learned a level 5 spell: Borgnjor's Vile Clutch
 26009 | Lair:4   | Reached skill level 1 in Necromancy
 26009 | Lair:4   | Reached skill level 1 in Earth Magic
 26763 | Lair:4   | Noticed Nergalle
 26770 | Lair:4   | Killed Nergalle
 26977 | Lair:4   | Reached XP level 14. HP: 64/64 MP: 14/29
 27145 | Lair:4   | Noticed Snorg
 27161 | Lair:4   | Killed Snorg
 27404 | Lair:4   | Reached skill level 5 in Staves
 27533 | Lair:4   | Found a staircase to the Swamp.
 27586 | Lair:4   | Found a hole to the Spider Nest.
 28988 | Lair:5   | Found a staircase to the Slime Pits.
 28988 | Lair:5   | Found a viscous altar of Jiyva.
 29153 | Lair:6   | Entered Level 6 of the Lair of Beasts
 30146 | Lair:6   | Reached skill level 13 in Dodging
 31543 | Lair:6   | Found a snail-covered altar of Cheibriados.
 32473 | Lair:6   | Reached skill level 10 in Poison Magic
 32817 | Lair:6   | Reached XP level 15. HP: 53/69 MP: 4/31
 33338 | D:12     | Found Nonugy's Distillery.
 33351 | D:12     | Found a gate leading to a gauntlet.
 33364 | Gauntlet | Entered a Gauntlet
 33364 | Gauntlet | Found a runed translucent door.
 33364 | Gauntlet | Found a transporter.
 33364 | Gauntlet | Found a runed translucent door.
 33364 | Gauntlet | Found a runed translucent door.
 33364 | Gauntlet | Found a transporter.
 33371 | Gauntlet | Found a runed translucent door.
 33382 | Gauntlet | Found a transporter.
 33386 | Gauntlet | Found a transporter.
 33394 | Gauntlet | Found a transporter.
 33398 | Gauntlet | Found a transporter.
 33406 | Gauntlet | Found a transporter.
 33423 | Gauntlet | Found a transporter.
 33437 | Gauntlet | Found a transporter.
 33441 | Gauntlet | Found a transporter.
 33449 | Gauntlet | Found a transporter.
 33453 | Gauntlet | Found a transporter.
 33844 | D:12     | Bought a potion of magic for 104 gold pieces
 35474 | D:12     | Reached skill level 1 in Long Blades
 35713 | D:13     | Found a gate to the Vaults.
 35713 | D:13     | Noticed Urug
 35713 | D:13     | Noticed Josephine
 36020 | D:12     | Killed Josephine
 37085 | D:12     | Killed Urug
 37517 | D:13     | Reached skill level 14 in Dodging
 38335 | D:14     | You fall into a shaft and drop 1 floor!
 38335 | D:15     | Entered Level 15 of the Dungeon
 38587 | D:14     | Found a shattered altar of Ashenzari.
 38762 | D:14     | Reached skill level 5 in Earth Magic
 38762 | D:14     | Reached skill level 10 in Evocations
 39603 | D:14     | Noticed Frances
 39671 | D:14     | Reached skill level 5 in Necromancy
 40089 | D:15     | Noticed Nessos
 40092 | D:15     | Killed Nessos
 40408 | D:15     | Reached XP level 16. HP: 65/73 MP: 29/33
 40776 | D:15     | Paralysed by an orc sorcerer for 4 turns
 41237 | D:15     | Found a staircase to the Depths.
 41315 | D:15     | Learned a level 2 spell: Ensorcelled Hibernation
 42056 | Swamp:1  | Entered Level 1 of the Swamp
 42247 | Swamp:1  | Learned a level 6 spell: Freezing Cloud
 42375 | Swamp:1  | Noticed Kirke
 42694 | Swamp:1  | Killed Kirke
 42792 | Swamp:1  | Reached skill level 1 in Ice Magic
 43010 | Swamp:1  | Learned a level 4 spell: Summon Ice Beast
 43108 | Swamp:1  | Learned a level 4 spell: Airstrike
 43374 | Swamp:1  | Noticed Jorgrun
 43943 | Swamp:2  | Got a shimmering trident
 44613 | Swamp:3  | Noticed Bai Suzhen
 45173 | Swamp:3  | Killed Bai Suzhen
 45622 | Swamp:4  | Entered Level 4 of the Swamp
 45640 | Swamp:4  | Noticed a thorn hunter
 45749 | Swamp:3  | Found a shimmering blue altar of Sif Muna.
 45816 | Swamp:3  | Reached skill level 15 in Dodging
 46609 | Swamp:3  | Identified the +7 trident of Distant Worlds {pain, Int+4}
                  | (You found it on level 2 of the Swamp)
 47010 | Swamp:4  | Noticed a thorn hunter
 47018 | Swamp:4  | Killed a thorn hunter
 47424 | Swamp:4  | Noticed Mara
 47426 | Swamp:4  | Noticed Illumine's illusion
 47604 | Spider:1 | Entered Level 1 of the Spider Nest
 48358 | Spider:1 | Noticed Louise
 48519 | Spider:1 | Killed Louise
 48962 | Lair:4   | Reached XP level 17. HP: 76/79 MP: 35/35
 51641 | Spider:3 | Reached skill level 5 in Long Blades
 51784 | Spider:2 | Paralysed by a hornet for 3 turns
 52462 | Spider:4 | Entered Level 4 of the Spider Nest
 53431 | Spider:4 | Reached skill level 16 in Dodging
 54091 | Spider:4 | Noticed Arachne
 54107 | Spider:4 | Killed from afar by Arachne

Illustrated notes

Levels and vault maps discovered:
D:1:      dpeg_arrival_orchard, layout_rooms, chequers_mini_garden
D:2:      layout_rooms, nicolae_overflow_hidden_temple, minmay_between,
          uniq_crazy_yiuf_cottage, uniq_natasha
D:3:      layout_basic, chequers_arboretum, minmay_misc_feat_square
D:4:      layout_basic, riverfiend_overflow_shadow_ancestor, serial_shops,
          nicolae_shop_trees, lemuel_flame_loot_1, uniq_ijyb
D:5:      layout_layer_cave, minmay_temple_entry_from_below_a, serial_shops,
          nicolae_shop_statue_plus, uniq_edmund, uniq_pikel
D:6:      layout_loops_ring, old_standard_altar, uniq_maggie,
          uniq_blork_the_orc, uniq_eustachio, uniq_grinder
D:7:      layout_rooms, tgw_trog, kennysheep_mini, basic_altar,
          uniq_prince_ribbit1
D:8:      layout_cave_pods, erik_lair_island, basic_altar, serial_shops, shop,
          serial_glass, glass_columns_b, glass_columns_b, minivault_5
D:9:      layout_cave_pools, xom_butterflies, kennysheep_path_1,
          chequers_serial_rivers_micro_c
D:10:     layout_long_grid, zombieorc2_lemuel, serial_shops,
          nicolae_shop_crystal, uniq_erica
D:11:     layout_roguey, uniq_harold, uniq_erolcha
D:12:     layout_loops_ring, gauntlet_entry_generic, serial_shops, shop,
          hive_lemuel
D:13:     layout_rooms, david_vaults_3, uniq_josephine
D:14:     layout_grid_maze, nrook_mini_vaults, evilmike_ruin_ashenzari,
          uniq_frances
D:15:     grunt_enter_depths_magical_seal, layout_basic, lightli_minifort,
          uniq_nessos
Lair:1:   layout_gridlike
Lair:2:   layout_roguey, hangedman_lair_generics_rect, grunt_megastairs_4
Lair:3:   layout_cave_pods, serial_bayou_pond_a, minmay_lair_oklob_chamber,
          serial_bayou_shore_a, infiniplex_staircase_pool_2, grunt_megastairs_2
Lair:4:   layout_loops_ring, swamp_mist, nicolae_spider_entry_orb_guardian,
          st_stairs_13, uniq_nergalle, uniq_snorg
Lair:5:   layout_roguey, slime_altar_1
Lair:6:   evilmike_catoblepas_cave, layout_big_grid, serial_bayou_pond_b,
          kennysheep_snail_temple, lemuel_fruit_fields, grunt_megastairs_5
Swamp:1:  layout_basic_swamp, gammafunk_ghost_necromancy,
          evilmike_swamp_ruin_wall, swamp_pool5, uniq_jorgrun, uniq_kirke,
          uniq_roxanne
Swamp:2:  layout_falls_marsh, evilmike_swamp_ruin_house_3
Swamp:3:  layout_falls_marsh, lemuel_altar_in_water, swamp_pool5,
          uniq_bai_suzhen
Swamp:4:  swamp_alternative, layout_basic_swamp, uniq_mara
Spider:1: layout_spider_delve, special_room, nicolae_spider_webs_and_nodes,
          nicolae_spider_nook, uniq_louise
Spider:2: layout_spider_delve
Spider:3: layout_spider_delve
Spider:4: grunt_spider_rune_circles, uniq_arachne
Orc:1:    layout_caves, basic_altar, serial_shops, shop_statue
Orc:2:    st_orc_pillars, layout_caves

Skill      XL: |  1  2  3  4  5  6  7  8  9 10 11 12 13 14 15 16 17 |
---------------+----------------------------------------------------+-----
Spellcasting   | 3 4 5 6 7 8 9 10 11 12 13 | 13.7
Transmutations | 2 3 4 5 7 8 |  8.0
Dodging        | 4 5 7 8 9 10 11 12 13 14 15 16 | 16.0
Stealth        | 4 5 |  5.0
Fighting       | 1 2 3 4 5 6 7 8 9 |  9.8
Air Magic      | 1 2 3 4 5 6 7 8 |  8.3
Poison Magic   | 4 5 6 7 8 9 10 | 10.7
Conjurations   | 1 2 3 4 5 6 7 8 |  8.2
Short Blades   | 1 2 |  2.6
Staves         | 1 2 4 5 |  5.0
Evocations     | 3 5 7 9 10 | 10.3
Invocations    | 2 4 5 6 8 |  8.0
Necromancy     | 1 3 5 6 7 |  7.4
Earth Magic    | 1 3 5 6 |  6.7
Long Blades    | 2 4 5 |  5.4
Ice Magic      | 3 4 |  4.5
Shields        | |  0.4

Action                   |  1- 3 |  4- 6 |  7- 9 | 10-12 | 13-15 | 16-18 || total
-------------------------+-------+-------+-------+-------+-------+-------++-------
Melee: Dagger            |    14 |    47 |    49 |       |       |       ||   110
       Whip              |       |       |    99 |   148 |   103 |       ||   350
       Staff             |       |       |       |   279 |   420 |   152 ||   851
       Flail             |       |       |       |       |    10 |       ||    10
       Scimitar          |       |       |       |       |    39 |       ||    39
       Double sword      |       |       |       |       |     6 |   106 ||   112
       Trident           |       |       |       |       |       |     1 ||     1
 Cast: Sting             |    53 |    46 |     9 |     2 |     5 |       ||   115
       Poisonous Vapours |     3 |    70 |   117 |   361 |   347 |    40 ||   938
       Mephitic Cloud    |       |     1 |    19 |    38 |    69 |    37 ||   164
       Ignite Poison     |       |     1 |     9 |    38 |   130 |    47 ||   225
       Olgreb's Toxic Ra |       |       |       |     3 |     6 |     1 ||    10
       Borgnjor's Vile C |       |       |       |       |    22 |   123 ||   145
       Airstrike         |       |       |       |       |       |   227 ||   227
       Summon Ice Beast  |       |       |       |       |       |     2 ||     2
Invok: Recall Ancestor   |       |       |     7 |    17 |    26 |    13 ||    63
       Ancestor Identity |       |       |     1 |       |       |       ||     1
       Ancestor Life: Kn |       |       |     1 |       |       |       ||     1
       Idealise          |       |       |       |       |     1 |     1 ||     2
Evoke: Wand              |       |       |     7 |       |     7 |     3 ||    17
  Use: Scroll            |       |     5 |     5 |     9 |    13 |     9 ||    41
       Potion            |       |       |     1 |       |     1 |    10 ||    12
 Stab: Sleeping          |       |       |     4 |     5 |     4 |     2 ||    15
       Distracted        |       |       |     4 |     4 |     7 |     4 ||    19
       Confused          |       |       |     4 |     8 |     5 |       ||    17
Armor: Robe              |     1 |     9 |    19 |    42 |    49 |    51 ||   171
Dodge: Dodged            |    20 |    39 |   111 |   527 |   753 |   714 ||  2164
       Rpst.: Scimitar   |       |       |       |       |    13 |       ||    13
       Double sword      |       |       |       |       |     3 |    52 ||    55

Table legend: (Time is in decaauts)
 A = Elapsed time spent in this place.
 B = Non-inter-level travel time spent in this place.
 C = Inter-level travel time spent in this place.
 D = Time resting spent in this place.
 E = Time spent auto-exploring this place.
 F = Levels seen in this place.
 G = Mean time per level.
                   A        B        C        D        E       F      G
               +--------+--------+--------+--------+--------+-----+--------+
         Total |  46969 |  45613 |   1356 |  25687 |  11481 |  32 | 1467.8 |
       Dungeon |  20867 |  20218 |    649 |   9733 |   6612 |  15 | 1391.1 |
          Lair |  12294 |  11830 |    464 |   6613 |   3366 |   6 | 2049.0 |
         Swamp |   4820 |   4649 |    171 |   3147 |    717 |   4 | 1205.0 |
   Spider Nest |   4571 |   4559 |     12 |   3508 |    174 |   4 | 1142.8 |
  Orcish Mines |   4034 |   3974 |     60 |   2492 |    541 |   2 | 2017.0 |
      Gauntlet |    381 |    381 |      0 |    193 |     69 |   1 |  381.0 |
               +--------+--------+--------+--------+--------+-----+--------+

Top non-repeatable levels by time:
  Lair:4: 3363 daAuts
    D:12: 3098 daAuts
  Lair:6: 2733 daAuts
   Orc:2: 2673 daAuts
  Lair:5: 1923 daAuts
 Swamp:3: 1799 daAuts
    D:10: 1766 daAuts
     D:5: 1698 daAuts
    D:14: 1672 daAuts
     D:8: 1597 daAuts
    D:15: 1588 daAuts
Spider:1: 1547 daAuts
  Lair:1: 1518 daAuts
  Lair:3: 1442 daAuts
    D:11: 1406 daAuts
